 Dungeon Crawl Stone Soup version 0.25-a0-865-gd392131cc7 (webtiles) character file.

Game seed: 6728440981085491652, levelgen mode: deterministic

97 Mrkan the Poker (level 4, -3/35 HPs)
             Began as a Merfolk Gladiator on Apr 29, 2020.
             Killed from afar by an orc wizard (12 damage)
             ... with a puff of flame
             ... on level 3 of the Dungeon on Apr 30, 2020.
             The game lasted 00:01:51 (1311 turns).

Mrkan the Poker (Merfolk Gladiator)                 Turns: 1311, Time: 00:01:51

Health: -3/35      AC:  4    Str: 14    XL:     4   Next: 68%
Magic:  4/4        EV: 14    Int:  7    God:
Gold:   64         SH:  0    Dex: 16    Spells: 3/3 levels left

rFire    . . .     SeeInvis .   a - +0 trident
rCold    . . .     Gourm    .   (no shield)
rNeg     . . .     Faith    .   b - +0 leather armour
rPois    .         Spirit   .   c - +0 helmet
rElec    .         Reflect  .   (no cloak)
rCorr    .         Harm     .   (no gloves)
MR       .....                  (no boots)
Stlth    +.........             (no amulet)
HPRegen  0.11/turn              (no ring)
MPRegen  0.09/turn              (no ring)

@: no status effects
A: change form in water, swift swim, stealthy swim
a: no special abilities


You were on level 3 of the Dungeon.
You were not hungry.

You visited 1 branch of the dungeon, and saw 3 of its levels.

You collected 64 gold pieces.

Inventory:

Hand Weapons
 a - a +0 trident (weapon)
Missiles
 d - 3 throwing nets (quivered)
Armour
 b - a +0 leather armour (worn)
 c - a +0 helmet (worn)
Jewellery
 e - an uncursed ring of resist corrosion {unknown}
 i - a +5 ring of dexterity {unknown}
Scrolls
 g - a scroll of enchant armour {unknown}
 j - a scroll of remove curse {unknown}
 k - a scroll of identify {unknown}
 l - a scroll of noise {unknown}
 n - a scroll of fog {unknown}
Potions
 h - a potion of haste {unknown}
 m - 2 potions of brilliance {unknown}
Comestibles
 f - 4 rations


   Skills:
 + Level 3.1 Fighting
 * Level 6.3 Polearms
 - Level 2.0 Throwing
 + Level 4.9 Dodging


You had 3 spell levels left.
You didn't know any spells.
Your spell library was empty.

Dungeon Overview and Level Annotations

Branches:
Dungeon (3/15)

Altars:
Xom


Message History

You closely miss something. Something hits you but does no damage.
You hit something.
You hear some strange, mumbled words.
A puff of flame appears from out of thin air!
The puff of flame misses you.
You miss something. Something hits you.
You hit something. Something hits you.
You miss something.
You hear some strange, mumbled words.
A magic dart appears from out of thin air!
The magic dart hits you.
You hit something but do no damage. Something hits you.
* * * LOW HITPOINT WARNING * * *
You miss something. Something hits you.
* * * LOW HITPOINT WARNING * * *
You puncture something!
You hear some strange, mumbled words.
A puff of flame appears from out of thin air!
The puff of flame hits you!
You die...

##### ####.#.# #
#....#.#########....
#######.##.#...{@†...<.#
........#......#########
######..................
..<.†..........###J..o..
########.#.###.# .o...
.......#.# J...
##......#.# ...
#.######.# .. #. #.# .


There were no monsters in sight!

Vanquished Creatures
  An orc priest (D:3)
  An orc wizard (D:2)
  2 oozes
  A dart slug (D:1)
  A leopard gecko (D:3)
  3 orcs (D:2)
  A giant cockroach (D:1)
  3 goblins
  3 hobgoblins
  3 kobolds
  A quokka (D:3)
  A ball python (D:1)
  5 bats
  2 rats (D:1)
28 creatures vanquished.

Notes
Turn   | Place    | Note
-------+----------+-------------------------------------------
     0 | D:1      | Mrkan the Merfolk Gladiator began the quest for the Orb.
     0 | D:1      | Reached XP level 1. HP: 16/16 MP: 1/1
   106 | D:1      | Reached XP level 2. HP: 16/23 MP: 2/2
   493 | D:1      | Reached skill level 5 in Polearms
   685 | D:1      | Reached XP level 3. HP: 25/28 MP: 3/3
   878 | D:1      | Found a shimmering altar of Xom.
   969 | D:2      | Reached XP level 4. HP: 10/34 MP: 4/4
  1296 | D:3      | Reached skill level 6 in Polearms
  1311 | D:3      | Killed from afar by an orc wizard

Levels and vault maps discovered:
D:1:      dpeg_arrival_lava_altar, layout_basic, serial_bayou_crossing
D:2:      layout_basic
D:3:      layout_basic, grunt_temple_overflow_gold_and_silver, tso_metal_star

Skill      XL: |  1  2  3  4 |
---------------+-------------+-----
Polearms       | 5 6 |  6.3
Fighting       | 3 |  3.1
Throwing       | |  2.0
Dodging        | |  4.9

Action                   |  1- 3 |  4- 6 || total
-------------------------+-------+-------++-------
Melee: Trident           |    62 |    30 ||    92
  Eat: Chunk             |       |     1 ||     1
Armor: Leather armour    |    17 |     4 ||    21
Dodge: Dodged            |    57 |    12 ||    69

Table legend:
 A = Non-vault XP
 B = Vault XP
 C = Vault XP percentage of total XP
 D = Non-vault monster count
 E = Vault monster count
 F = Vault count percentage of total count
                 A         B        C        D         E       F
            +---------+---------+-------+---------+---------+-------
      Total |     139 |       0 |   0.0 |      28 |       0 |   0.0
            +---------+---------+-------+---------+---------+-------
        D:1 |      34 |       0 |   0.0 |      16 |       0 |   0.0
        D:2 |      50 |       0 |   0.0 |       7 |       0 |   0.0
        D:3 |      55 |       0 |   0.0 |       5 |       0 |   0.0
            +---------+---------+-------+---------+---------+-------
